 Dungeon Crawl Stone Soup version 0.20.1-1-g8b1a95d (webtiles) character file.

989 letownia2 the Reanimator (level 7, -7/60 HPs)
             Began as a Deep Dwarf Necromancer on Nov 28, 2017.
             Was an Initiate of Gozag.
             Mangled by an ogre
             ... wielding a +0 giant club
              (29 damage)
             ... on level 5 of the Dungeon.
             The game lasted 00:12:19 (3235 turns).

letownia2 the Reanimator (Deep Dwarf Necromancer)   Turns: 3235, Time: 00:12:20

Health: -7/60      AC:  5    Str: 12    XL:     7   Next: 98%
Magic:  16/23      EV: 11    Int: 17    God:    Gozag
Gold:   659        SH:  0    Dex: 13    Spells: 11/15 levels left

rFire    + . .     SeeInvis .   a - +2 mace (holy)
rCold    x . .     Gourm    .   (no shield)
rNeg     . . .     Faith    .   h - +0 ring mail
rPois    .         Spirit   .   (no helmet)
rElec    .         Reflect  .   (no cloak)
rCorr    .         Harm     .   (no gloves)
MR       +....                  (no boots)
Stlth    +.........             (no amulet)
Regen    0.0/turn               t - ring of magical power
MPRegen  0.2/turn               C - ring of fire

@: gold aura, non-regenerating
A: damage resistance, heal wounds, sense surroundings 1, no regeneration
a: Heal Wounds, Potion Petition, Call Merchant, Bribe Branch, Renounce Religion


You were on level 5 of the Dungeon.
You worshipped Gozag.
Gozag was pleased with you.
You were very hungry.

You visited 1 branch of the dungeon, and saw 5 of its levels.

You collected 682 gold pieces.
You paid 23 gold pieces to Gozag.

Inventory:

Hand Weapons
 a - a +2 mace of holy wrath (weapon)
 q - a cursed -3 trident
 x - a cursed -3 hand axe
 y - a +0 dagger
Missiles
 l - 5 javelins (quivered)
Armour
 f - a +0 robe
 h - a +0 ring mail (worn)
 A - a +0 pair of boots
 G - a +0 leather armour of magic resistance
Magical Staves
 E - an uncursed staff of wizardry {unknown}
Jewellery
 t - a ring of magical power (left hand)
 C - a ring of fire (right hand)
Scrolls
 d - 3 scrolls of enchant armour {unknown}
 e - 2 scrolls of teleportation {unknown}
 i - 3 scrolls of remove curse {unknown}
 j - 2 scrolls of fog {unknown}
 k - a scroll of magic mapping {unknown}
 o - 2 scrolls of fear {unknown}
 p - 2 scrolls of blinking {unknown}
 r - 3 scrolls of identify {unknown}
 s - 2 scrolls of amnesia {unknown}
 B - 3 scrolls of enchant weapon {unknown}
Potions
 c - a potion of heal wounds {unknown}
 g - 3 potions of mutation {unknown}
 m - a potion of curing {unknown}
 n - a potion of brilliance {unknown}
 u - 2 potions of cancellation {unknown}
 v - 2 potions of resistance {unknown}
 w - a potion of haste {unknown}
 z - 2 potions of berserk rage {unknown}
 D - 2 potions of might {unknown}
Books
 b - a book of Necromancy

   Spells                             Type                      Level
   a - Pain                           Necromancy                   1
   b - Animate Skeleton               Necromancy                   1
   c - Vampiric Draining              Necromancy                   3
   d - Regeneration                   Charms/Necromancy            3
   e - Animate Dead                   Necromancy                   4
   f - Control Undead                 Necromancy                   4
Comestibles
 F - 2 fruits


   Skills:
 - Level 2.0 Fighting
 - Level 2.5 Armour
 - Level 2.1 Dodging
 - Level 2.4 Stealth
 + Level 4.7 Spellcasting
 + Level 8.4 Necromancy


You had 11 spell levels left.
You knew the following spells:

 Your Spells              Type           Power        Failure   Level  Hunger
a - Pain                  Necr           ####         1%          1    None
v - Vampiric Draining     Necr           ####......   3%          3    ###....


Dungeon Overview and Level Annotations

Branches:
Dungeon (5/15)
 Temple: D:4-7

Altars:
Gozag
Kikubaaqudgha
Makhleb
Nemelex Xobeh
Okawaru
Trog
Uskayaw
Vehumet


Innate Abilities, Weirdness & Mutations

You are resistant to damage.
You can heal yourself by infusing magical energy.
You passively map a small area around you.
You do not regenerate.


Message History

Press: ? - help, Shift-Dir - straight line, f - ogre
Aim: an ogre, wielding a giant club (resting, chance to defeat MR: 84%)
The ogre writhes in agony!
Casting: Pain
Confirm with . or Enter, or press ? or * to list all spells.
Aiming: Vampiric Draining
Press: ? - help, Shift-Dir - straight line, f/p - ogre
Aim: an ogre, wielding a giant club (lightly wounded)
The ogre is heavily wounded.
You feel life coursing into your body. The ogre hits you with a giant club!!
* * * LOW HITPOINT WARNING * * *
Casting: Vampiric Draining
Confirm with . or Enter, or press ? or * to list all spells.
Aiming: Vampiric Draining
Press: ? - help, Shift-Dir - straight line, f/p - ogre
Aim: an ogre, wielding a giant club (heavily wounded)
The ogre is almost dead.
You feel life coursing into your body. The ogre hits you with a giant club!!
You die...
Your body crumbles into a pile of gold.

, #., ##### #. * ###
#. #.# #####. , *
####.#### ...#., *
#.......## *#... ,,
#.......## #..## *
#......>.. * #.O.#
#.......##
#.#@#######.......##
*#.
#.#...'_#####.....
#.
#.....###.....####
#. *#.........#####
# # * #.........# ,
#.........#
#.........#
#.........# * ,,
#...(.....#


You could see an ogre.

Vanquished Creatures
  2 eyes of draining (D:3)
  An ice beast (D:4)
  A sky beast (D:5)
  A necrophage (D:5)
  2 centaurs (D:5)
  A crimson imp (D:4)
  An orc priest (D:5)
  A hound (D:4)
  A bullfrog skeleton (D:4)
  Natasha (D:2)
  3 orc wizards
  A worker ant zombie (D:5)
  6 adders
  2 oozes
  2 dart slugs
  2 leopard geckos (D:3)
  13 orcs
  A ball python (D:2)
  8 bats
  6 giant cockroaches
  3 goblins
  6 hobgoblins
  4 jackals (D:3)
  A quokka (D:3)
  4 frilled lizards
  A hobgoblin zombie (D:4)
  5 kobolds
  A leopard gecko skeleton (D:4)
  An orc zombie (D:4)
  A quokka skeleton (D:4)
  6 rats
89 creatures vanquished.

Notes
Turn   | Place    | Note
-------+----------+-------------------------------------------
     0 | D:1      | letownia2 the Deep Dwarf Necromancer began the quest for the Orb.
     0 | D:1      | Reached XP level 1. HP: 15/15 MP: 3/3
    64 | D:2      | Found an opulent altar of Gozag.
   179 | D:2      | Became a worshipper of Gozag Ym Sagoz the Greedy
   342 | D:1      | Reached XP level 2. HP: 22/22 MP: 0/5
   568 | D:1      | Reached XP level 3. HP: 28/28 MP: 3/6
  1306 | D:2      | Noticed Natasha
  1316 | D:2      | Killed Natasha
  1316 | D:2      | Reached skill level 5 in Necromancy
  1316 | D:2      | Reached XP level 4. HP: 14/36 MP: 0/8
  1394 | D:2      | Learned a level 3 spell: Vampiric Draining
  1457 | D:2      | Found a hide-covered altar of Uskayaw.
  1459 | D:2      | Found a radiant altar of Vehumet.
  1459 | D:2      | Found an ancient bone altar of Kikubaaqudgha.
  1781 | D:3      | Found an iron altar of Okawaru.
  1906 | D:3      | Found a bloodstained altar of Trog.
  1906 | D:3      | Noticed an eye of draining
  1906 | D:3      | Noticed an eye of draining
  1957 | D:3      | Killed an eye of draining
  1957 | D:3      | Reached skill level 6 in Necromancy
  1957 | D:3      | Reached XP level 5. HP: 26/42 MP: 0/9
  2011 | D:3      | Killed an eye of draining
  2011 | D:3      | Reached skill level 1 in Fighting
  2011 | D:3      | Reached skill level 1 in Armour
  2011 | D:3      | Reached XP level 6. HP: 32/51 MP: 1/10
  2416 | D:4      | Reached skill level 7 in Necromancy
  2720 | D:5      | Entered Level 5 of the Dungeon
  2723 | D:5      | Noticed a sky beast
  2739 | D:5      | Killed a sky beast
  2753 | D:5      | Reached XP level 7. HP: 31/60 MP: 4/12
  3005 | D:5      | Reached skill level 8 in Necromancy
  3189 | D:5      | Found a sparkling altar of Nemelex Xobeh.
  3221 | D:5      | Found a burning altar of Makhleb.
  3235 | D:5      | Mangled by an ogre

Skill      XL: |  1  2  3  4  5  6  7 |
---------------+----------------------+-----
Spellcasting   | 2 3 4 |  4.7
Necromancy     | 5 6 7 8 |  8.4
Fighting       | 1 2 |  2.0
Armour         | 1 2 |  2.5
Dodging        | |  2.1
Stealth        | |  2.4

Action                   |  1- 3 |  4- 6 |  7- 9 || total
-------------------------+-------+-------+-------++-------
Melee: Unarmed           |    17 |       |       ||    17
       Dagger            |       |   109 |       ||   109
       Mace              |       |     2 |    46 ||    48
Throw: Javelin           |     3 |     1 |     4 ||     8
 Cast: Pain              |    57 |    55 |     9 ||   121
       Vampiric Draining |       |     7 |    17 ||    24
  Eat: Bread ration      |     1 |     1 |       ||     2
Armor: Ring mail         |    16 |    20 |    27 ||    63
Dodge: Dodged            |    41 |    19 |    51 ||   111
